 Dungeon Crawl Stone Soup version 0.17-a0-1382-gc46a074 (webtiles) character file.

88 l0ser140 the Sneak (level 4, -8/21 HPs)
             Began as a Spriggan Enchanter on June 15, 2015.
             Killed by divine providence
             ... invoked by an orc priest
              (13 damage)
             ... on level 3 of the Dungeon.
             The game lasted 00:02:49 (1542 turns).

l0ser140 the Sneak (Spriggan Enchanter)             Turns: 1542, Time: 00:02:50

Health: -8/21      AC:  3    Str:  4    XL:     4   Next: 30%
Magic:  4/9        EV: 20    Int: 16    God:
Gold:   87         SH:  0    Dex: 17    Spells: 2 memorised, 5 levels left

rFire  . . .     SeeInvis +     a - +1 dagger
rCold  . . .     Clarity  .     b - +1 robe
rNeg   . . .     SustAt   .     (shield restricted)
rPois  .         Gourm    .     (helmet restricted)
rElec  .         Spirit   .     (no cloak)
rCorr  .         Warding  .     (gloves unavailable)
rMut   .         Rnd*Tele +     (boots unavailable)
MR     .....                    (no amulet)
Stlth  ++++......               (no ring)
                                j - ring of teleportation (curse)

@: very quick, not resistant to hostile enchantments, stealthy
A: unfitting armour, see invisible, herbivore 3, speed 3, slow metabolism 2
a: Evoke Teleportation


You were on level 3 of the Dungeon.
You were not hungry.

You visited 1 branch of the dungeon, and saw 3 of its levels.

You collected 87 gold pieces.

Inventory:

Hand weapons
 a - a +1 dagger (weapon)
Armour
 b - a +1 robe (worn)
Jewellery
 j - a cursed ring of teleportation (left hand)
   (You found it on level 1 of the Dungeon)
Scrolls
 e - 2 scrolls of amnesia {unknown}
 g - 4 scrolls of remove curse {unknown}
 h - a scroll of fear {unknown}
 i - 3 scrolls of identify {unknown}
 n - a scroll of magic mapping {unknown}
Potions
 f - 2 potions of flight {unknown}
 k - a potion of brilliance {unknown}
 m - a potion of haste {unknown}
Books
 c - a book of Maledictions

   Spells                             Type                      Level
   a - Corona                         Hexes                        1
   b - Ensorcelled Hibernation        Hexes/Ice                    2
   c - Confuse                        Hexes                        3
   d - Tukima's Dance                 Hexes                        3
   e - Dazzling Spray                 Conjuration/Hexes            3
Comestibles
 d - a bread ration
 l - a slice of pizza


   Skills:
 - Level 1.1 Short Blades
 + Level 4.6 Dodging
 + Level 5.9 Stealth
 - Level 2.6 Spellcasting
 + Level 4.5 Hexes


You had 5 spell levels left.
You knew the following spells:

 Your Spells              Type           Power        Failure   Level  Hunger
a - Ensorcelled Hibernat  Hex/Ice        #.....       14%         2    ##.....
y - Corona                Hex            ###....      3%          1    #......


Dungeon Overview and Level Annotations

Branches:
Dungeon (3/15)

Altars:
Makhleb


Innate Abilities, Weirdness & Mutations

You are tiny and cannot use many weapons and most armour.
You have supernaturally acute eyesight.
You are a herbivore.
You cover ground extremely quickly.
You need consume almost no food.


Message History

The shaft crumbles and collapses.
n - a scroll labeled AGIOB KUITT A kobold comes into view.
It is wielding a short sword.
A kobold is nearby!
A kobold is nearby!
The helpless kobold fails to defend itself.
You impale the kobold!!
You kill the kobold!
No target in view!
Things that are here:
a short sword; a stone A rat and a hobgoblin come into view.
There are monsters nearby!
There are monsters nearby!
The helpless rat fails to defend itself.
You impale the rat!!
You kill the rat!
No target in view!
No target in view!
An orc and an orc priest come into view.
The orc priest shouts!
An orc priest comes into view. It is wielding a club.
An orc comes into view. It is wielding a trident.
Casting: Ensorcelled Hibernation
Confirm with . or Enter, or press ? or * to list all spells.
Aiming: Ensorcelled Hibernation
Press: ? - help, Shift-Dir - straight line, f - orc priest
Aim: an orc priest, wielding a flail (chance to defeat MR: 40%)
The orc priest resists with some effort.
The orc priest invokes the aid of Beogh against you.
You struggle to resist.
Casting: Ensorcelled Hibernation
Confirm with . or Enter, or press ? or * to list all spells.
Aiming: Ensorcelled Hibernation
Press: ? - help, Shift-Dir - straight line, f/p - orc priest
Aim: an orc priest, wielding a flail (chance to defeat MR: 40%)
The orc priest looks drowsy...
The orc priest invokes the aid of Beogh against you.
Something smites you!
Ouch! That really hurt!
* * * LOW HITPOINT WARNING * * *
Huge Dmg: -75%(-12hp) hp: 25%(4hp)
The helpless orc priest fails to defend itself.
You impale the orc priest!!
You kill the orc priest!
You have reached level 4!
The orc priest mumbles some strange prayers to Beogh against you.
Something smites you!
Ouch! That really hurt!
You die...

....)...#.##.#
........#.##!#
........#.##.#
#.#######.##.#
#.........##.#########
#....................###
#.###########..........#
#.# +....#...# #.#
#...♥..#o. #.# #....)##
#g# #.....o# #.
#....#..o #......#..
###.#.###.# #.... ..# #.
#. ..


You could see an orc priest and an orc.

Vanquished Creatures
  An orc priest (D:3)
  2 adders (D:2)
  An ooze (D:1)
  A worm (D:2)
  2 ball pythons (D:1 D:2)
  7 bats (D:1 D:2)
  3 giant cockroaches (D:1)
  A goblin (D:2)
  2 hobgoblins (D:1 D:2)
  5 kobolds (D:1 D:2 D:3)
  A giant newt (D:1)
  5 rats (D:1 D:2 D:3)
31 creatures vanquished.

Notes
Turn   | Place    | Note
--------------------------------------------------------------
     0 | D:1      | l0ser140 the Spriggan Enchanter began the quest for the Orb.
     0 | D:1      | Reached XP level 1. HP: 9/9 MP: 5/5
    25 | D:1      | Huge Dmg: 5 Dmg
   336 | D:1      | Reached XP level 2. HP: 13/13 MP: 6/6
   675 | D:1      | Reached skill level 5 in Stealth
   805 | D:1      | Reached skill level 4 in Hexes
   985 | D:2      | Found a burning altar of Makhleb.
   998 | D:2      | Huge Dmg: 3 Dmg
  1002 | D:2      | Huge Dmg: 8 Dmg
  1279 | D:1      | Learned a level 2 spell: Ensorcelled Hibernation
  1284 | D:2      | Reached XP level 3. HP: 14/16 MP: 2/8
  1394 | D:2      | Reached skill level 4 in Dodging
  1483 | D:2      | You fall through a shaft!
  1542 | D:3      | Huge Dmg: 12 Dmg
  1542 | D:3      | Reached XP level 4. HP: 5/21 MP: 4/9
  1542 | D:3      | Killed from afar by an orc priest

Vault maps used:
D:1:      saegor_arrival_simple_d, hangedman_feature_mirror
D:2:      lemuel_crystal_altar, first_bread, minmay_misc_feat_ornament,
          fedhas_altar_fruit_tree
D:3:      ecumenical_altar_2, minmay_misc_feat_four_crosses

Action                   |  1- 3 |  4- 6 || total
-------------------------+-------+-------++-------
Melee: Dagger            |    60 |       ||    60
 Cast: Ensorcelled Hiber |     5 |       ||     5
 Stab: Sleeping          |    21 |       ||    21

Vault maps used:
D:1:      saegor_arrival_simple_d, hangedman_feature_mirror
D:2:      lemuel_crystal_altar, first_bread, minmay_misc_feat_ornament,
          fedhas_altar_fruit_tree
D:3:      ecumenical_altar_2, minmay_misc_feat_four_crosses
